 Dungeon Crawl Stone Soup version 0.20.1-1-g8b1a95d (webtiles) character file.

7877 jmlagarto the Carver (level 11, -6/85 HPs)
             Began as a Merfolk Chaos Knight on Sept 8, 2017.
             Mangled by Erolcha
             ... wielding a +4 giant club
              (17 damage)
             ... on level 10 of the Dungeon on Sept 10, 2017.
             The game lasted 00:52:04 (9666 turns).

jmlagarto the Carver (Merfolk Chaos Knight)         Turns: 9666, Time: 00:52:07

Health: -6/85      AC: 15    Str: 22    XL:     11   Next: 22%
Magic:  11/11      EV: 17    Int: 11    God:    Xom [.*....]
Gold:   850        SH:  5    Dex: 21    Spells: 10/10 levels left

rFire    . . .     SeeInvis .   e - +1 long sword "Plog" {venom, rPois}
rCold    + . .     Gourm    .   (no shield)
rNeg     . . .     Faith    .   w - +4 ring mail "Keng" {Str+4}
rPois    +         Spirit   .   k - +2 helmet
rElec    .         Reflect  +   n - +1 cloak
rCorr    .         Harm     .   (no gloves)
MR       .....                  (no boots)
Stlth    ++........             a - +5 amulet of reflection
Regen    0.3/turn               p - +3 ring of dexterity
MPRegen  0.2/turn               m - +5 ring of dexterity

@: mighty
A: change form in water, swift swim, stealthy swim, blurry vision 1, clumsy 1,
cold resistance 1, deterioration 1, screaming 2, weak 1, wild magic 1
a: Renounce Religion


You were on level 10 of the Dungeon.
You worshipped Xom.
You were a plaything of Xom.
You were full.

You visited 1 branch of the dungeon, and saw 10 of its levels.

You collected 850 gold pieces.

Inventory:

Hand Weapons
 e - the +1 long sword "Plog" (weapon) {venom, rPois}
   (You found it on level 4 of the Dungeon)

   It poisons the flesh of those it strikes.
   It protects you from poison.
Armour
 k - a +2 helmet (worn)
 n - a +1 cloak (worn)
 w - the +4 ring mail "Keng" (worn) {Str+4}
   (You found it on level 4 of the Dungeon)

   It affects your strength (+4).
Jewellery
 a - a +5 amulet of reflection (around neck)
 c - an uncursed ring of see invisible
 j - an uncursed ring of poison resistance
 m - a +5 ring of dexterity (right hand)
 p - a +3 ring of dexterity (left hand)
 A - an uncursed ring of protection from cold
Wands
 o - a wand of random effects (14/48)
 t - a wand of polymorph (8/24)
 v - a wand of scattershot (4/9)
Scrolls
 b - a scroll of amnesia
 q - 4 scrolls of identify
 s - a scroll of vulnerability {unknown}
 u - a scroll of random uselessness {unknown}
 x - 2 scrolls of teleportation
 y - a scroll of fear {unknown}
 z - a scroll of fog {unknown}
 B - a scroll of brand weapon {unknown}
 C - a scroll of remove curse
 E - a scroll of enchant weapon
Potions
 f - a potion of cancellation
 h - 4 potions of haste
 i - 4 potions of curing
Comestibles
 l - 4 meat rations
 r - 5 bread rations


   Skills:
 + Level 7.7 Fighting
 * Level 12.9 Long Blades
   Level 7.5 Polearms
 + Level 4.8 Armour
 + Level 7.9 Dodging
 - Level 3.6 Stealth


You had 10 spell levels left.
You didn't know any spells.

Dungeon Overview and Level Annotations

Branches:
Dungeon (10/15)            Temple (0/1) D:4             Orc (0/2) D:10
   Lair: D:8-11

Altars:
Fedhas
Kikubaaqudgha
Makhleb
Qazlal

Shops:
D:4 %   D:10 (%

Annotations:
D:10 Erolcha


Innate Abilities, Weirdness & Mutations

You revert to your normal form in water.
You are very nimble and swift while swimming.
You are very stealthy in the water. (Stealth+)
Scrolls take you a little longer to read.
You are clumsy. (Dex -2)
Your flesh is cold resistant. (rC+)
Your body sometimes deteriorates upon taking damage.
You sometimes yell uncontrollably at your foes.
You are weak. (Str -2)
Your spells are a little harder to cast, but a little more powerful.


Message History

The killer bee completely misses you. The killer bee closely misses you.
The killer bee barely misses you.
You closely miss the killer bee. The killer bee misses you.
Erolcha gestures wildly while chanting.
Erolcha seems to speed up.
The killer bee barely misses you.
You riposte.
You closely miss the killer bee. You slice the killer bee!!
You kill the killer bee!
The orc wizard returns to its original shape as it dies.
You feel your strength returning.
You slash the orc!
You kill the orc!
You slash Erolcha!
Erolcha looks as sick as possible!
Erolcha is moderately wounded.
You feel yourself speed up.
Erolcha hits you with an enchanted giant club!!
* * * LOW HITPOINT WARNING * * *
Erolcha hits you with an enchanted giant club!
You die...
Xom chuckles heartily!

##### ##...# #############
#..#.# #......@Oooo# ##....#
#...######og########
..#.∩.####...######..........
.............................
....#.............Oo....#####
#####..########...)...o.#####
.......########.....g........
.(...........................
..
........................####
...


You could see Erolcha, an orc priest, 3 orcs and a hobgoblin.

Vanquished Creatures
  3 two-headed ogres
  The ghost of kaze the Cleaver, a novice HOBe of Trog (D:8)
  Psyche (D:9)
  A merfolk (D:9)
  A steam dragon (D:9)
  Edmund (D:5)
  A water moccasin (D:9)
  4 ice beasts
  3 orc warriors
  A sky beast (D:4)
  A phantom (D:5)
  A necrophage (D:9)
  5 ogres
  A centaur (D:10)
  2 big kobolds
  5 bullfrogs
  Blork the orc (D:4)
  6 scorpions
  5 killer bees
  10 wights
  A howler monkey (D:4)
  3 crimson imps
  A jelly (D:10)
  A bullfrog zombie (D:5)
  7 hounds
  2 centaur skeletons
  4 orc priests
  14 orc wizards
  2 bullfrog skeletons
  2 iguanas
  7 worker ants
  A hound zombie (D:8)
  A hound skeleton (D:6)
  11 gnolls
  8 adders
  2 shadow imps
  4 oozes
  An adder skeleton (D:5)
  3 worms (D:3)
  A dart slug (D:3)
  3 leopard geckos
  34 orcs
  3 bat zombies (D:5)
  6 giant cockroaches
  11 goblins
  8 hobgoblins
  8 jackals
  4 quokkas
  2 ball pythons
  5 bats
  4 frilled lizards
  A jackal skeleton (D:6)
  13 kobolds
  A quokka skeleton (D:9)
  7 rats
240 creatures vanquished.

Vanquished Creatures (collateral kills)
  A vampire (D:9)
  A bullfrog (D:6)
  An orc (D:9)
3 creatures vanquished.

Grand Total: 243 creatures vanquished

Notes
Turn   | Place    | Note
-------+----------+-------------------------------------------
     0 | D:1      | jmlagarto the Merfolk Chaos Knight began the quest for the Orb.
     0 | D:1      | Reached XP level 1. HP: 18/18 MP: 1/1
    55 | D:1      | Reached XP level 2. HP: 24/24 MP: 2/2
   109 | D:1      | XOM: harmless Summ miscast
   158 | D:1      | Reached skill level 5 in Polearms
   213 | D:1      | Reached XP level 3. HP: 24/30 MP: 3/3
   485 | D:1      | XOM: silly message
   786 | D:2      | XOM: 1-stop teleportation journey
   793 | D:2      | Reached skill level 1 in Armour
   871 | D:2      | XOM: harmless Fire miscast
  1119 | D:2      | Reached XP level 4. HP: 28/37 MP: 4/4
  1643 | D:3      | Reached skill level 1 in Stealth
  1650 | D:3      | XOM: give mutations
  1650 | D:3      | Gained mutation: You are frail. (-10% HP) [Xom's mischief]
  1650 | D:3      | Gained mutation: Armour fits poorly on your strangely shaped body. [Xom's mischief]
  1766 | D:3      | Found a blossoming altar of Fedhas.
  1941 | D:3      | Reached XP level 5. HP: 29/37 MP: 5/5
  2102 | D:3      | XOM: 1-stop teleportation journey
  2190 | D:3      | Found a faded altar of an unknown god.
  2236 | D:3      | Found a burning altar of Makhleb.
  2236 | D:3      | Noticed an Executioner
  2239 | D:3      | Noticed a smoke demon
  2239 | D:3      | Noticed a smoke demon
  2351 | D:3      | XOM: give mutations
  2351 | D:3      | Gained mutation: You are dopey. (Int -2) [Xom's mischief]
  2351 | D:3      | Lost mutation: Armour fits poorly on your strangely shaped body. [Xom's mischief]
  2351 | D:3      | Gained mutation: You are weak. (Str -2) [Xom's mischief]
  2407 | D:3      | XOM: mild Ice miscast
  2652 | D:4      | XOM: cast spell 'Summon Ice Beast'
  2658 | D:4      | Got a spiked ring mail
  2669 | D:4      | Identified the +4 ring mail "Keng" {Str+4} (You found it on level 4 of the Dungeon)
  2670 | D:4      | XOM: scenery: 1 doors open
  2673 | D:4      | Noticed an ogre
  2688 | D:4      | Killed an ogre
  2688 | D:4      | Reached XP level 6. HP: 44/44 MP: 6/6
  2748 | D:4      | XOM: god gift: bread ration
  2768 | D:4      | Found Qak Umae's Food Shoppe.
  2955 | D:4      | Got a fine long sword
  2956 | D:4      | Identified the cursed +1 long sword "Plog" {venom, rPois} (You found it on level 4 of the Dungeon)
  3029 | D:4      | Found a staircase to the Ecumenical Temple.
  3091 | D:4      | Noticed a sky beast
  3096 | D:4      | XOM: cast spell 'Summon Hydra'
  3100 | D:4      | Killed a sky beast
  3100 | D:4      | Reached skill level 1 in Long Blades
  3220 | D:4      | Reached XP level 7. HP: 44/49 MP: 7/7
  3226 | D:4      | Noticed Blork the orc
  3229 | D:4      | Reached skill level 5 in Fighting
  3349 | D:4      | XOM: god gift: robe {god gift}
  3505 | D:4      | Lost mutation: You are frail. (-10% HP) [potion of mutation]
  3505 | D:4      | Lost mutation: You are weak. (Str -2) [potion of mutation]
  3505 | D:4      | Lost mutation: You are dopey. (Int -2) [potion of mutation]
  3505 | D:4      | Gained mutation: Your body sometimes deteriorates upon taking damage. [potion of mutation]
  3505 | D:4      | Gained mutation: Your spells are a little harder to cast, but a little more powerful. [potion of mutation]
  3505 | D:4      | Gained mutation: Your flesh is cold resistant. (rC+) [potion of mutation]
  3516 | D:4      | Killed Blork the orc
  3516 | D:4      | Reached skill level 2 in Long Blades
  3908 | D:5      | Entered Level 5 of the Dungeon
  3915 | D:5      | Reached skill level 3 in Long Blades
  3973 | D:5      | Reached XP level 8. HP: 56/62 MP: 8/8
  4016 | D:5      | Reached skill level 4 in Long Blades
  4179 | D:5      | XOM: confuse monster(s)
  4252 | D:5      | Reached skill level 5 in Long Blades
  4260 | D:5      | Reached skill level 5 in Dodging
  4605 | D:5      | Reached skill level 6 in Long Blades
  4715 | D:5      | Noticed Edmund
  4720 | D:5      | XOM: divination: detect creatures
  4732 | D:5      | XOM: confusion
  4753 | D:5      | Killed Edmund
  4768 | D:5      | Found an ancient bone altar of Kikubaaqudgha.
  4798 | D:5      | XOM: blink monster(s)
  4823 | D:5      | Reached XP level 9. HP: 67/68 MP: 9/9
  4860 | D:5      | XOM: summons 4 hostile demons
  4948 | D:5      | XOM: repel stairs
  4955 | D:5      | Reached skill level 7 in Long Blades
  4980 | D:5      | XOM: give mutations
  4980 | D:5      | Gained mutation: Your body often deteriorates upon taking damage. [Xom's mischief]
  4980 | D:5      | Gained mutation: You are weak. (Str -2) [Xom's mischief]
  4980 | D:5      | Gained mutation: You occasionally shout uncontrollably at your foes. [Xom's mischief]
  5261 | D:6      | XOM: medium Necr miscast
  5378 | D:6      | XOM: give mutations
  5378 | D:6      | Lost mutation: Your body often deteriorates upon taking damage. [Xom's mischief]
  5378 | D:6      | Gained mutation: You sometimes yell uncontrollably at your foes. [Xom's mischief]
  5378 | D:6      | Gained mutation: Scrolls take you a little longer to read. [Xom's mischief]
  5378 | D:6      | Gained mutation: You are clumsy. (Dex -2) [Xom's mischief]
  5427 | D:6      | XOM: mild Necr miscast
  5429 | D:6      | XOM: divination: detect items
  5439 | D:6      | XOM: summons 4 friendly demons
  5445 | D:6      | Reached skill level 8 in Long Blades
  5840 | D:6      | Found a stormy altar of Qazlal.
  6157 | D:7      | XOM: silly message
  6395 | D:7      | Reached skill level 9 in Long Blades
  6410 | D:7      | XOM: butterfly on damage
  7098 | D:8      | XOM: harmless Tmut miscast
  7270 | D:8      | XOM: harmless Tloc miscast
  7377 | D:8      | XOM: potion effect (berserk rage)
  7380 | D:8      | XOM: noise
  7381 | D:8      | XOM: enchant monster (good)
  7384 | D:8      | XOM: noise
  7394 | D:8      | Reached XP level 10. HP: 58/77 MP: 10/10
  7497 | D:8      | Noticed kaze's ghost (novice HOBe)
  7510 | D:8      | XOM: potion effect (haste)
  7517 | D:8      | Killed kaze's ghost
  7517 | D:8      | Reached skill level 10 in Long Blades
  8003 | D:9      | Noticed a two-headed ogre
  8004 | D:9      | XOM: summons 3 friendly demons
  8013 | D:9      | Killed a two-headed ogre
  8013 | D:9      | Reached skill level 11 in Long Blades
  8108 | D:9      | XOM: cast spell 'Summon Hydra'
  8169 | D:9      | Noticed Psyche
  8191 | D:9      | Killed Psyche
  8709 | D:9      | Reached skill level 12 in Long Blades
  8951 | D:9      | Noticed a two-headed ogre
  8958 | D:9      | XOM: swap monsters
  8966 | D:9      | Killed a two-headed ogre
  8966 | D:9      | Reached XP level 11. HP: 29/84 MP: 11/11
  9516 | D:10     | Entered Level 10 of the Dungeon
  9519 | D:10     | Found Gilub's Weapon Shoppe.
  9568 | D:10     | Found Xeubu's Food Shop.
  9620 | D:10     | Found a staircase to the Orcish Mines.
  9629 | D:10     | Noticed Erolcha
  9630 | D:10     | Noticed a two-headed ogre
  9648 | D:10     | XOM: cast spell 'Summon Ice Beast'
  9656 | D:10     | Killed a two-headed ogre
  9661 | D:10     | XOM: polymorph orc wizard -> killer bee
  9666 | D:10     | Mangled by Erolcha

Skill      XL: |  1  2  3  4  5  6  7  8  9 10 |
---------------+-------------------------------+-----
Polearms       | 5 6 7 |  7.5
Dodging        | 3 4 5 6 7 |  7.9
Armour         | 1 2 3 4 |  4.8
Fighting       | 4 5 6 7 |  7.7
Stealth        | 1 2 3 |  3.6
Long Blades    | 1 3 6 9 12 | 12.9

Action                   |  1- 3 |  4- 6 |  7- 9 | 10-12 || total
-------------------------+-------+-------+-------+-------++-------
Melee: Spear             |   120 |   203 |       |       ||   323
       Long sword        |       |    12 |   397 |   224 ||   633
  Use: Scroll            |       |     6 |     2 |     4 ||    12
       Potion            |       |       |     7 |     3 ||    10
 Stab: Petrifying        |     2 |     1 |       |       ||     3
       Paralysed         |       |     4 |       |       ||     4
       Confused          |       |     2 |       |       ||     2
       Invisible         |       |       |     1 |       ||     1
       Sleeping          |       |       |     2 |     3 ||     5
       Distracted        |       |       |       |     1 ||     1
  Eat: Bread ration      |       |     1 |     2 |       ||     3
       Meat ration       |       |     1 |       |     2 ||     3
       Royal jelly       |       |     1 |       |       ||     1
       Fruit             |       |       |     5 |       ||     5
Armor: Scale mail        |    42 |    38 |       |       ||    80
       Ring mail         |       |    11 |   182 |    55 ||   248
Dodge: Dodged            |    32 |    63 |   307 |   130 ||   532
Block: Other             |       |       |    21 |    42 ||    63
       Reflection        |       |       |     2 |     1 ||     3
       Rpst.: Long sword |       |     3 |    91 |    29 ||   123
